[Event "Titled Tuesday Blitz November 14 Late 2023"]
[White "Cooper, Aaron"]
[Black "Likvidator228"]
[WhiteFideId "2634945"]
[WhiteElo "2280"]
[BlackElo "2577"]
[Result "0-1"]
[Round "1"]
[TimeControl "180+1"]
[Date "2023.11.14"]
[WhiteClock "0:00:10"]
[BlackClock "0:00:16"]
[Board "135"]

1. e4 c5 2. Nf3 g6 3. d4 cxd4 4. Nxd4 Bg7 5. c4 Nc6 6. Be3 Nf6 7. Nc3 Ng4 8. Qxg4 Bxd4 9. Bxd4 Nxd4 10. Qd1 e5 11. Be2 d6 12. O-O O-O 13. Qd2 Kg7 14. Nd5 Be6 15. f4 Bxd5 16. cxd5 Qb6 17. Kh1 f6 18. Bd3 Rac8 19. Rac1 a6 20. fxe5 fxe5 21. Qg5 Qd8 22. Qg4 Rxc1 23. Rxc1 h5 24. Qg3 Rf7 25. h3 Qb6 26. Rc8 Rc7 27. Re8 Ne2 28. Re7+ Rxe7 29. Bxe2 Qxb2 30. Bxh5 Qc1+ 31. Kh2 Qf4 32. Bg4 b5 33. Bc8 a5 34. Bg4 b4 35. Bd1 Rc7 36. Bb3 Rc3 37. Qxf4 exf4 38. Kg1 Rxb3 39. axb3 a4 40. bxa4 b3 41. a5 b2 0-1


[Site "https://www.chess.com"]

[Event "Titled Tuesday Blitz November 14 Late 2023"]
[White "Sanchez Alvares, Kelvin Antonio"]
[Black "Clawitter, Craig"]
[WhiteFideId "3906680"]
[BlackFideId "2023105"]
[WhiteElo "2577"]
[BlackElo "2276"]
[Result "1-0"]
[Round "1"]
[TimeControl "180+1"]
[Date "2023.11.14"]
[WhiteClock "0:01:08"]
[BlackClock "0:00:02"]
[Board "136"]

1. e4 e6 2. d4 d5 3. Nc3 Bb4 4. e5 c5 5. a3 Bxc3+ 6. bxc3 Ne7 7. Qg4 Qc7 8. Qxg7 Rg8 9. Qxh7 cxd4 10. Ne2 Nbc6 11. f4 dxc3 12. Qd3 d4 13. h4 b6 14. h5 Bb7 15. h6 O-O-O 16. h7 Rh8 17. Rh5 Nd5 18. g3 f5 19. exf6 Nxf6 20. Rh6 Nxh7 21. Bh3 Qg7 22. Bxe6+ Kb8 23. Rg6 Qe7 24. f5 Nf8 25. Bg5 Qc5 26. Rh6 Rxh6 27. Bxh6 Nxe6 28. fxe6 Ne5 29. Bf4 Re8 30. Qf5 d3 31. Qxe5+ Qxe5 32. Bxe5+ Kc8 33. cxd3 Rxe6 34. d4 c2 35. Rc1 Be4 36. Nf4 Kb7 37. Nxe6 1-0


[Site "https://www.chess.com"]

[Event "Titled Tuesday Blitz November 14 Late 2023"]
[White "Martynenko, Ivan"]
[Black "Omelja, Artem"]
[WhiteFideId "2053179"]
[BlackFideId "14119846"]
[WhiteElo "2275"]
[BlackElo "2570"]
[Result "0-1"]
[Round "1"]
[TimeControl "180+1"]
[Date "2023.11.14"]
[WhiteClock "0:00:17"]
[BlackClock "0:00:04"]
[Board "137"]

1. e4 c5 2. Nf3 Nc6 3. d4 cxd4 4. Nxd4 Nf6 5. Nc3 e5 6. Ndb5 d6 7. Bg5 a6 8. Na3 b5 9. Nd5 Be7 10. Bxf6 Bxf6 11. c3 O-O 12. Be2 Bg5 13. O-O Bb7 14. Nc2 Ne7 15. Ncb4 Nxd5 16. Nxd5 Be7 17. a4 bxa4 18. Rxa4 Re8 19. Bc4 a5 20. Qd3 Bf8 21. Rfa1 g6 22. g3 h5 23. h4 Bg7 24. Qc2 Bc6 25. R4a3 Kh7 26. Qd3 Rf8 27. Bb5 Bb7 28. c4 f5 29. Qe3 f4 30. Qb6 fxg3 31. fxg3 Bxd5 32. Qxd8 Rfxd8 33. exd5 e4 34. Rxa5 Rxa5 35. Rxa5 Bxb2 36. Ra7+ Kh6 37. Kf1 Be5 38. Kg2 Rf8 39. Ra2 Bd4 40. Re2 e3 41. Bd7 Bc5 42. Be6 Rb8 43. g4 hxg4 44. Bxg4 Rb4 45. Kf3 Rxc4 46. Kg3 Rc1 47. Kg2 Kg7 48. Kf3 Kf6 49. Kg3 Ke5 50. Kf3 Kd4 51. Kf4 Rf1+ 52. Kg5 Rg1 53. Kf4 Kd3 54. Bf3 Rf1 55. Ra2 Bb4 56. Rb2 Bc3 57. Rb3 e2 0-1


[Site "https://www.chess.com"]

[Event "Titled Tuesday Blitz November 14 Late 2023"]
[White "Shapiro, Viktor"]
[Black "Kohler, Aran"]
[WhiteFideId "4175700"]
[BlackFideId "1002856"]
[WhiteElo "2568"]
[BlackElo "2272"]
[Result "1-0"]
[Round "1"]
[TimeControl "180+1"]
[Date "2023.11.14"]
[WhiteClock "0:00:16"]
[BlackClock "0:00:00"]
[Board "138"]

1. c4 e5 2. Nc3 Nf6 3. g3 d5 4. cxd5 Nxd5 5. Bg2 Nb6 6. Nf3 Nc6 7. d3 Be7 8. O-O O-O 9. a3 Be6 10. b4 a6 11. Rb1 Kh8 12. Be3 Nd5 13. Nxd5 Bxd5 14. Qc2 Bf6 15. Rfc1 Rc8 16. Bc5 Re8 17. e4 Be6 18. a4 Nd4 19. Bxd4 exd4 20. b5 axb5 21. Rxb5 b6 22. a5 bxa5 23. Rxa5 c6 24. Rc5 Bd7 25. e5 Be7 26. Rc4 c5 27. Nd2 Bb5 28. f4 Bxc4 29. Nxc4 Bf8 30. Be4 Rb8 31. Ra1 Qc7 32. Qd1 g6 33. h4 Qd7 34. Kg2 Rb4 35. h5 Reb8 36. hxg6 hxg6 37. Qe2 Kg8 38. Ra6 Bg7 39. Rd6 Qa7 40. e6 Qa1 41. e7 Re8 42. Rd8 Rb8 43. Rxb8 Rxb8 44. Bc6 Kh7 45. e8=Q Rxe8 46. Bxe8 Qa7 47. Bc6 Qc7 48. Be4 f5 49. Bd5 Qd7 50. Qe6 Qa4 51. Qg8+ Kh6 52. Qe6 Qc2+ 53. Kh3 Qxd3 54. Nd6 Qf1+ 55. Bg2 Qd1 56. Nxf5+ Kh7 57. Nxg7 Kxg7 58. Qe7+ Kh6 59. Qh4+ Kg7 60. Qg5 Qh5+ 61. Qxh5 gxh5 62. Bf1 Kf6 63. Bd3 Ke6 64. Kh4 Kd5 65. Kxh5 c4 66. Bf1 d3 67. f5 Kd4 68. f6 c3 69. Bxd3 Kxd3 70. f7 c2 71. f8=Q c1=Q 72. Qf5+ Ke2 73. Qg4+ Kd3 74. Qf4 Qh1+ 75. Kg5 Qh8 76. Qf5+ Ke3 77. g4 Qg7+ 78. Qg6 Qe5+ 79. Kh6 Qh8+ 80. Qh7 Qf6+ 81. Kh5 Qe5+ 82. g5 Qh2+ 83. Kg6 Qc2+ 84. Kg7 Qc7+ 85. Kh8 Qd8+ 86. Qg8 Qd4+ 87. Qg7 Qh4+ 88. Kg8 Qc4+ 89. Qf7 Qc8+ 90. Kg7 Qc3+ 91. Kh7 Qd3+ 92. g6 Qe4 93. Kg7 Qe5+ 94. Qf6 Qc7+ 95. Kf8 Qc8+ 96. Kf7 1-0


[Site "https://www.chess.com"]

[Event "Titled Tuesday Blitz November 14 Late 2023"]
[White "ilya2700"]
[Black "Taboas Rodriguez, Daniel"]
[BlackFideId "2208466"]
[WhiteElo "2270"]
[BlackElo "2567"]
[Result "0-1"]
[Round "1"]
[TimeControl "180+1"]
[Date "2023.11.14"]
[WhiteClock "0:00:00"]
[BlackClock "0:00:52"]
[Board "139"]

1. d4 Nf6 2. c4 g6 3. Nc3 Bg7 4. e4 d6 5. f4 O-O 6. Nf3 Na6 7. Bd3 e5 8. fxe5 dxe5 9. d5 Nc5 10. Bc2 a5 11. O-O Nh5 12. Be3 Qe7 13. Kh1 Bd7 14. a3 a4 15. Bxc5 Qxc5 16. Bxa4 Bxa4 17. Nxa4 Qxc4 18. Nc3 Nf4 19. Rc1 Nd3 20. Rc2 Nxb2 21. Qb1 Nd3 22. Nb5 Qxe4 23. Nxc7 Rxa3 24. d6 Rd8 25. Ng5 Qg4 26. Nxf7 Rf8 27. Nd5 Rxf7 28. Rxf7 Kxf7 29. Qxb7+ Ke6 30. Qc8+ Kxd5 31. Qc6+ Ke6 32. Qe8+ Kf5 33. Qf7+ Kg5 34. Qe7+ Kh5 35. d7 Ra1+ 0-1


[Site "https://www.chess.com"]

[Event "Titled Tuesday Blitz November 14 Late 2023"]
[White "The_Straightforward_Rook"]
[Black "Kopacz, Grzegorz"]
[BlackFideId "1109880"]
[WhiteElo "2566"]
[BlackElo "2268"]
[Result "1-0"]
[Round "1"]
[TimeControl "180+1"]
[Date "2023.11.14"]
[WhiteClock "0:02:17"]
[BlackClock "0:00:34"]
[Board "140"]

1. e4 c5 2. c3 g6 3. d4 cxd4 4. cxd4 d5 5. e5 Bg7 6. h3 Nc6 7. Nf3 e6 8. Bd3 Bd7 9. O-O Nge7 10. a3 Qb6 11. Bc2 O-O 12. Nc3 a6 13. Na4 Qc7 14. b4 b6 15. Be3 Nf5 16. Bxf5 gxf5 17. Nb2 Ne7 18. Rc1 Qb7 19. Nd3 Rac8 20. Qd2 Rxc1 21. Rxc1 Rc8 22. Bh6 Ng6 23. h4 Rxc1+ 24. Nxc1 f4 25. Bxg7 Kxg7 26. h5 Ne7 27. Qxf4 Ng8 28. Qg5+ Kf8 29. h6 1-0


[Site "https://www.chess.com"]

[Event "Titled Tuesday Blitz November 14 Late 2023"]
[White "Sarkar, Justin"]
[Black "Bettalli, Francesco"]
[WhiteFideId "2010011"]
[BlackFideId "2816453"]
[WhiteElo "2256"]
[BlackElo "2566"]
[Result "1-0"]
[Round "1"]
[TimeControl "180+1"]
[Date "2023.11.14"]
[WhiteClock "0:00:45"]
[BlackClock "0:01:10"]
[Board "141"]

1. d4 Nf6 2. c4 c5 3. d5 a6 4. Qc2 e6 5. e4 exd5 6. cxd5 d6 7. a4 g6 8. Nc3 Bg7 9. Nf3 O-O 10. Nd2 Nbd7 11. Be2 h5 12. O-O Ne5 13. h3 Nh7 14. f4 Nd7 15. Nc4 Qe7 16. e5 dxe5 17. d6 Qe6 18. f5 Qe8 19. Nd5 Rb8 20. fxg6 fxg6 21. Ne7+ Kh8 22. Nxg6+ Kg8 23. Ne7+ Kh8 24. Ng6+ Kg8 25. Bxh5 Rxf1+ 26. Kxf1 Qf7+ 27. Kg1 Qf6 28. Ne7+ Kh8 29. Ng6+ Kg8 30. Ne7+ Kf8 31. Qxh7 Qe6 32. Ng6+ Ke8 33. Nf4+ Qf7 34. Qg8+ 1-0


[Site "https://www.chess.com"]

[Event "Titled Tuesday Blitz November 14 Late 2023"]
[White "Kashefi, Amir Hosein"]
[Black "Perry, Patrick"]
[WhiteFideId "12557935"]
[BlackFideId "30917727"]
[WhiteElo "2565"]
[BlackElo "2256"]
[Result "1-0"]
[Round "1"]
[TimeControl "180+1"]
[Date "2023.11.14"]
[WhiteClock "0:02:41"]
[BlackClock "0:02:27"]
[Board "142"]

1. d4 Nf6 2. Nf3 c5 3. c3 g6 4. Bf4 d6 5. e3 Bg7 6. dxc5 dxc5 7. Qxd8+ Kxd8 8. Nbd2 Be6 9. O-O-O Ke8 10. Bc4 Bxc4 11. Nxc4 Nc6 12. Nfe5 Nxe5 13. Bxe5 Rd8 14. Rxd8+ Kxd8 15. Bb8 a6 16. Rd1+ Kc8 17. Be5 Rd8 18. Nb6# 1-0


[Site "https://www.chess.com"]

[Event "Titled Tuesday Blitz November 14 Late 2023"]
[White "Golubenko, Valentina"]
[Black "Ribeiro, Matheus Mendes Domingues"]
[WhiteFideId "4501993"]
[BlackFideId "324226923"]
[WhiteElo "2246"]
[BlackElo "2559"]
[Result "0-1"]
[Round "1"]
[TimeControl "180+1"]
[Date "2023.11.14"]
[WhiteClock "0:01:38"]
[BlackClock "0:00:44"]
[Board "143"]

1. d4 d5 2. Nf3 e6 3. g3 Nf6 4. Bg2 Be7 5. O-O O-O 6. c4 dxc4 7. Nbd2 Nbd7 8. Nxc4 c5 9. Bf4 Nb6 10. Nxb6 Qxb6 11. b3 Bd7 12. Rc1 Rac8 13. Ne5 Bb5 14. dxc5 Bxc5 15. Qc2 Bxf2+ 16. Rxf2 Rxc2 17. Rxc2 Rd8 18. Nd3 Ng4 19. e3 Bxd3 20. Bc7 Qxe3 21. Bxd8 Bxc2 0-1


[Site "https://www.chess.com"]

[Event "Titled Tuesday Blitz November 14 Late 2023"]
[White "Karamsetty, Jeevan"]
[Black "Dodaro, Mattia"]
[WhiteFideId "2025337"]
[BlackFideId "28583400"]
[WhiteElo "2558"]
[BlackElo "2244"]
[Result "1-0"]
[Round "1"]
[TimeControl "180+1"]
[Date "2023.11.14"]
[WhiteClock "0:00:46"]
[BlackClock "0:00:02"]
[Board "144"]

1. e4 Nc6 2. d4 d6 3. c3 g6 4. Bd3 Bg7 5. h3 Nf6 6. Nf3 O-O 7. O-O e5 8. Re1 Re8 9. Nbd2 Nh5 10. d5 Ne7 11. Nf1 Rf8 12. c4 f5 13. exf5 Bxf5 14. Bxf5 Nxf5 15. Ng5 Nd4 16. Be3 h6 17. Ne4 Nf4 18. Nfg3 Nf5 19. Bxf4 exf4 20. Nxf5 Rxf5 21. Qg4 Kh7 22. Qf3 Bxb2 23. Rab1 Bd4 24. Rxb7 Bb6 25. c5 dxc5 26. d6 Qc8 27. dxc7 Bxc7 28. Nd6 Rf6 29. Nxc8 1-0


[Site "https://www.chess.com"]

[Event "Titled Tuesday Blitz November 14 Late 2023"]
[White "Lock, Gavin R"]
[Black "sjoerd893"]
[WhiteFideId "408646"]
[WhiteElo "2233"]
[BlackElo "2555"]
[Result "0-1"]
[Round "1"]
[TimeControl "180+1"]
[Date "2023.11.14"]
[WhiteClock "0:00:00"]
[BlackClock "0:00:11"]
[Board "145"]

1. e4 c5 2. Nf3 Nc6 3. Bb5 g6 4. O-O Bg7 5. Re1 Nf6 6. c3 O-O 7. d4 cxd4 8. cxd4 d5 9. e5 Ne8 10. Be3 Qb6 11. Nc3 e6 12. Qd2 Nc7 13. Bf1 a6 14. Rac1 Qa5 15. Bh6 Bd7 16. Qf4 Ne8 17. Rcd1 b5 18. a3 Rc8 19. h4 Ne7 20. h5 b4 21. axb4 Qxb4 22. Rd2 Bb5 23. Bxb5 axb5 24. Bxg7 Nxg7 25. h6 Ne8 26. g3 Rc7 27. Re3 Ra7 28. Kg2 Qc4 29. Ng5 b4 30. Ne2 Nf5 31. Rf3 Rd7 32. g4 Nh4+ 33. Kg3 Nxf3 34. Nxf3 Re7 35. Neg1 f6 36. exf6 Nxf6 37. Qe3 Ne4+ 0-1


[Site "https://www.chess.com"]

[Event "Titled Tuesday Blitz November 14 Late 2023"]
[White "Fernandez Reyes, Lisandro"]
[Black "Chemin, Justo Reinaldo"]
[WhiteFideId "3504190"]
[BlackFideId "2101580"]
[WhiteElo "2554"]
[BlackElo "2216"]
[Result "1-0"]
[Round "1"]
[TimeControl "180+1"]
[Date "2023.11.14"]
[WhiteClock "0:00:21"]
[BlackClock "0:00:00"]
[Board "146"]

1. e4 e6 2. d3 c5 3. f4 b6 4. g3 Bb7 5. Bg2 g6 6. Nf3 Bg7 7. O-O Ne7 8. a4 a6 9. Na3 O-O 10. Nc4 d5 11. exd5 exd5 12. Nce5 Nd7 13. c3 Nxe5 14. fxe5 d4 15. c4 Qc7 16. Bf4 Qd7 17. Qd2 Nc6 18. Rae1 Rae8 19. Bh6 Nb4 20. Bxg7 Kxg7 21. Ng5 Bxg2 22. Kxg2 h6 23. Nf3 Qxa4 24. Rf2 Qb3 25. Rd1 Re6 26. h4 Rfe8 27. h5 b5 28. cxb5 axb5 29. hxg6 fxg6 30. Rh1 Rh8 31. Ng5 Qd5+ 32. Ne4 Rxe5 33. Rhf1 Rf5 34. Kg1 Nc6 35. g4 Rxf2 36. Qxf2 Qe6 37. Nxc5 Qxg4+ 38. Qg2 Qxg2+ 39. Kxg2 Ne5 40. Ne6+ Kh7 41. Nxd4 Rd8 42. Nxb5 Rxd3 43. Rf2 Rb3 44. Nd4 Nd3 45. Nxb3 Nxf2 46. Kxf2 g5 47. Nd4 Kg7 48. Kf3 Kf6 49. Ke4 Ke7 50. Nf5+ Ke6 51. Nxh6 Kd6 52. Ng4 Kc6 53. Kd4 Kb5 54. Kc3 Kc5 55. b4+ Kd5 56. Kb3 Ke4 57. b5 Kd5 58. Kb4 Kd6 59. Ka5 Kc7 60. Ka6 Kb8 61. Kb6 Kc8 62. Ka7 Kd7 63. b6 Ke6 64. b7 Kf5 65. Nf2 g4 66. Nxg4 1-0


[Site "https://www.chess.com"]

[Event "Titled Tuesday Blitz November 14 Late 2023"]
[White "Broca Jimenez, Fernando"]
[Black "Fieberg, Samuel"]
[WhiteFideId "5104742"]
[BlackFideId "12901717"]
[WhiteElo "2213"]
[BlackElo "2553"]
[Result "0-1"]
[Round "1"]
[TimeControl "180+1"]
[Date "2023.11.14"]
[WhiteClock "0:00:23"]
[BlackClock "0:00:24"]
[Board "147"]

1. e4 e6 2. d4 d5 3. exd5 exd5 4. Bd3 Nc6 5. Nf3 Bd6 6. O-O Nge7 7. Bg5 f6 8. Bh4 Bf5 9. c3 Qd7 10. Re1 O-O-O 11. b4 Bxd3 12. Qxd3 Nf5 13. Bg3 Bxg3 14. hxg3 h5 15. Nbd2 g5 16. b5 Nce7 17. Re2 h4 18. g4 Nd6 19. a4 h3 20. g3 h2+ 21. Nxh2 Rxh2 22. Kxh2 Qxg4 23. Rxe7 Rh8+ 24. Rh7 Rxh7+ 25. Qxh7 Qe2 26. Qg8+ Kd7 27. Qg7+ Kc8 28. Qf8+ Kd7 29. Qg7+ Kc8 30. Qg8+ Kd7 31. Qxd5 Qxd2 32. Qf3 f5 33. Rd1 Qc2 34. Qd3 Qxf2+ 35. Kh1 Ne4 36. Rg1 g4 37. c4 b6 38. d5 Kd6 39. Qf1 Nxg3+ 40. Rxg3 Qxg3 41. Qg2 Qxg2+ 42. Kxg2 f4 43. Kf2 g3+ 44. Kf3 Ke5 45. a5 Kd4 46. axb6 axb6 47. d6 cxd6 48. Kxf4 g2 49. Kg3 g1=Q+ 50. Kf4 Qc1+ 51. Kf5 Qxc4 52. Kf6 Qxb5 53. Ke7 Qc4 54. Kd7 b5 55. Ke7 d5 56. Kf6 b4 57. Ke7 b3 58. Kf6 b2 59. Ke7 Kc3 60. Kf6 d4 61. Ke7 d3 62. Kf6 d2 63. Ke7 Kb3 64. Kf6 Ka2 65. Ke7 Qc2 66. Kf6 b1=Q 67. Ke7 Qcc1 68. Kf6 d1=Q 69. Ke7 Qe3+ 70. Kf6 Qf5+ 71. Kg7 Qdg1+ 72. Kh8 Qeh3# 0-1


[Site "https://www.chess.com"]

[Event "Titled Tuesday Blitz November 14 Late 2023"]
[White "Ozates, Tuna"]
[Black "Vila Dupla, Aurelio"]
[WhiteFideId "6354521"]
[BlackFideId "2203383"]
[WhiteElo "2552"]
[BlackElo "2213"]
[Result "1-0"]
[Round "1"]
[TimeControl "180+1"]
[Date "2023.11.14"]
[WhiteClock "0:00:39"]
[BlackClock "0:00:00"]
[Board "148"]

1. e4 c5 2. Nf3 d6 3. c3 Nf6 4. Bd3 Bg4 5. Bc2 e6 6. d3 Be7 7. Nbd2 O-O 8. h3 Bh5 9. Nf1 d5 10. Qe2 Nc6 11. Ng3 Bg6 12. h4 h6 13. h5 Bh7 14. e5 Nd7 15. a3 b5 16. b4 d4 17. cxd4 Nxd4 18. Nxd4 cxd4 19. Bf4 a5 20. O-O axb4 21. axb4 Qc7 22. Bb3 Qc3 23. Rxa8 Rxa8 24. Qf3 Rd8 25. Bxe6 fxe6 26. Qg4 Bf5 27. Nxf5 exf5 28. Qxf5 Nf8 29. Rc1 Qxb4 30. e6 Bf6 31. Bxh6 Qe7 32. Bf4 Qxe6 33. Qxb5 Qg4 34. Bg3 Qd7 35. Qb6 Ne6 36. Re1 Re8 37. Ra1 Re7 38. Ra8+ Kh7 39. Qb8 1-0


[Site "https://www.chess.com"]

[Event "Titled Tuesday Blitz November 14 Late 2023"]
[White "Darko-Dimitrijevic"]
[Black "angelgab3"]
[WhiteElo "2212"]
[BlackElo "2551"]
[Result "0-1"]
[Round "1"]
[TimeControl "180+1"]
[Date "2023.11.14"]
[WhiteClock "0:00:24"]
[BlackClock "0:02:14"]
[Board "149"]

1. c4 Nf6 2. Nc3 e6 3. d4 d5 4. Bg5 dxc4 5. e4 Bb4 6. Bxf6 Qxf6 7. Bxc4 O-O 8. a3 Ba5 9. b4 Bb6 10. Nf3 Nc6 11. e5 Qf4 12. g3 Qg4 13. h3 Qh5 14. Ne4 Rd8 15. Be2 Qh6 16. Nc5 a5 17. Rb1 axb4 18. axb4 Nxb4 19. Nxe6 Bxe6 20. Rxb4 Ba5 0-1


[Site "https://www.chess.com"]

[Event "Titled Tuesday Blitz November 14 Late 2023"]
[White "Ocelak, Jakub"]
[Black "Rodriguez Dominguez, Melissa"]
[WhiteFideId "23707933"]
[BlackFideId "3517560"]
[WhiteElo "2550"]
[BlackElo "2212"]
[Result "1-0"]
[Round "1"]
[TimeControl "180+1"]
[Date "2023.11.14"]
[WhiteClock "0:01:05"]
[BlackClock "0:00:03"]
[Board "150"]

1. e4 c5 2. Nf3 e6 3. d4 cxd4 4. Nxd4 Nc6 5. Nc3 Qc7 6. Ncb5 Qb8 7. Bd3 a6 8. Nxc6 bxc6 9. Nc3 d5 10. O-O Nf6 11. f4 Bc5+ 12. Kh1 O-O 13. e5 Nd7 14. Qh5 g6 15. Qh6 Re8 16. b3 Bf8 17. Qh3 Bg7 18. Bb2 f6 19. exf6 Nxf6 20. Qh4 Nh5 21. Na4 Rf8 22. Bxg7 Kxg7 23. Rae1 Bd7 24. Nc5 Ra7 25. Rxe6 Rxf4 26. Re7+ Kg8 27. Rxf4 Qxf4 28. Qxf4 Nxf4 29. Rxd7 Ra8 30. g3 Nh5 31. Ne6 Re8 32. Rd8 1-0


[Site "https://www.chess.com"]

[Event "Titled Tuesday Blitz November 14 Late 2023"]
[White "Aarakan, J"]
[Black "Chylewski, Patryk"]
[WhiteFideId "9946276"]
[BlackFideId "1186191"]
[WhiteElo "2211"]
[BlackElo "2550"]
[Result "1-0"]
[Round "1"]
[TimeControl "180+1"]
[Date "2023.11.14"]
[WhiteClock "0:00:33"]
[BlackClock "0:00:04"]
[Board "151"]

1. e4 c5 2. Nf3 e6 3. c3 Nf6 4. e5 Nd5 5. d4 cxd4 6. cxd4 d6 7. exd6 Bxd6 8. Nc3 O-O 9. Bd3 Nf4 10. Bxf4 Bxf4 11. O-O Nd7 12. Qe2 Nf6 13. Rfd1 b6 14. Be4 Rb8 15. g3 Bd6 16. d5 e5 17. Bc2 Bg4 18. Ne4 Nxe4 19. Qxe4 f5 20. Qe3 e4 21. Nd4 Bxd1 22. Rxd1 Qf6 23. Ne6 Rfc8 24. Bb3 Qxb2 25. Qg5 Qf6 26. Qxf6 gxf6 27. Nd4 Rc3 28. Nxf5 Rd8 29. Re1 Bc5 30. Rxe4 Rxb3 31. axb3 Rxd5 32. Ne7+ Bxe7 33. Rxe7 a5 34. Re3 Kf7 35. Kf1 Re5 36. Rc3 Ke7 37. f4 Re4 38. Kf2 Kd6 39. Kf3 f5 40. g4 Re8 41. gxf5 Kd5 42. h4 b5 43. Rc7 h5 44. Ra7 Kc5 45. Rxa5 Kb4 46. Ra7 Kxb3 47. f6 Kc3 48. f7 Rf8 49. Rc7+ Kd3 50. Rd7+ Kc3 51. Rc7+ Kd3 52. Rd7+ Kc4 53. Rb7 b4 54. Ke4 b3 55. Ke5 Kc3 56. Ke6 b2 57. Ke7 Rc8 58. f8=Q Rxf8 59. Kxf8 Kc2 60. Rxb2+ Kxb2 61. f5 Kb3 62. f6 Kc4 63. f7 1-0


[Site "https://www.chess.com"]

[Event "Titled Tuesday Blitz November 14 Late 2023"]
[White "The_Sherman_Variation"]
[Black "Acosta Cruz, Oscar Yosimar"]
[BlackFideId "5111269"]
[WhiteElo "2549"]
[BlackElo "2205"]
[Result "1-0"]
[Round "1"]
[TimeControl "180+1"]
[Date "2023.11.14"]
[WhiteClock "0:01:07"]
[BlackClock "0:00:43"]
[Board "152"]

1. e4 c6 2. d4 d5 3. Nc3 dxe4 4. Nxe4 Bf5 5. Qf3 e6 6. c3 Nd7 7. Ne2 Ngf6 8. N4g3 Bg6 9. Nf4 Bd6 10. h4 Nd5 11. Nxd5 cxd5 12. h5 Bc2 13. Bb5 h6 14. Bf4 Qc7 15. Bxd6 Qxd6 16. O-O O-O 17. Rac1 Bh7 18. Bxd7 Qxd7 19. Qe3 Qb5 20. b3 Rac8 21. f4 Rfe8 22. Rfe1 a5 23. Nf1 Be4 24. Nd2 f5 25. Nf3 a4 26. b4 Bxf3 27. Qxf3 Rc6 28. Re3 Qc4 29. Rce1 Qxa2 30. Qg3 Qd2 31. Qg6 Re7 32. Kh2 e5 33. Qxf5 e4 34. Qxd5+ Kh7 35. Rxe4 Rf7 36. Qxf7 a3 37. Re8 1-0


[Site "https://www.chess.com"]

[Event "Titled Tuesday Blitz November 14 Late 2023"]
[White "Adel, Sara"]
[Black "Cervantes Landeiro, Thalia"]
[WhiteFideId "10616764"]
[BlackFideId "3520498"]
[WhiteElo "2201"]
[BlackElo "2547"]
[Result "0-1"]
[Round "1"]
[TimeControl "180+1"]
[Date "2023.11.14"]
[WhiteClock "0:00:06"]
[BlackClock "0:00:16"]
[Board "153"]

1. e4 c5 2. Nc3 d6 3. f4 g6 4. Nf3 Bg7 5. Bc4 Nc6 6. O-O e6 7. d3 Nge7 8. Qe1 O-O 9. f5 gxf5 10. Qh4 Ng6 11. Qh5 f4 12. Ng5 h6 13. Nxf7 Kxf7 14. Bxf4 Ne7 15. Bxd6+ Kg8 16. Nb5 Rxf1+ 17. Rxf1 a6 18. Bxe7 Nxe7 19. Qf7+ Kh8 20. Nc3 Bd7 21. Bxe6 Bxe6 22. Qxe6 Ng8 23. Rf7 Qg5 24. h3 Qc1+ 25. Kh2 Qg5 26. Nd5 Be5+ 27. Kg1 Qc1+ 28. Rf1 Bd4+ 29. Kh2 Qxf1 30. Qg4 Qf7 31. Nc7 Be5+ 32. g3 Bxc7 33. h4 Rf8 34. Kh3 Qf1+ 35. Kh2 Rf2# 0-1


[Site "https://www.chess.com"]

[Event "Titled Tuesday Blitz November 14 Late 2023"]
[White "Hirneise, Jens"]
[Black "Floresvillar Gonzalez, Luis Migu"]
[WhiteFideId "24614734"]
[BlackFideId "5100542"]
[WhiteElo "2547"]
[BlackElo "2200"]
[Result "1-0"]
[Round "1"]
[TimeControl "180+1"]
[Date "2023.11.14"]
[WhiteClock "0:01:03"]
[BlackClock "0:00:51"]
[Board "154"]

1. b3 d5 2. Bb2 Bf5 3. d3 e6 4. Nd2 Nf6 5. g3 c5 6. Bg2 Nc6 7. e4 dxe4 8. dxe4 Bg4 9. Ne2 Nd4 10. f3 Bh5 11. O-O e5 12. Nc4 Bd6 13. c3 Nxe2+ 14. Qxe2 Bc7 15. Rad1 Qe7 16. Ne3 O-O 17. g4 Bg6 18. g5 Nh5 19. Nd5 Qxg5 20. Nxc7 Nf4 21. Qc2 Rad8 22. Bc1 h5 23. Bxf4 exf4 24. Rxd8 Rxd8 25. Rd1 Rxd1+ 26. Qxd1 h4 27. h3 f5 28. Ne6 Qf6 29. Qd8+ Qxd8 30. Nxd8 fxe4 31. fxe4 b5 32. Ne6 c4 33. bxc4 bxc4 34. Nxf4 Bf7 35. e5 g5 36. Nd5 a5 37. Ne3 Kg7 38. Bd5 Bg6 39. Nxc4 Bb1 40. Nd6 Kg6 41. Be4+ Kg7 42. Bxb1 1-0


[Site "https://www.chess.com"]

[Event "Titled Tuesday Blitz November 14 Late 2023"]
[White "claudiuprunescu"]
[Black "Jaskolka, Tomasz"]
[BlackFideId "1170791"]
[WhiteElo "2192"]
[BlackElo "2547"]
[Result "0-1"]
[Round "1"]
[TimeControl "180+1"]
[Date "2023.11.14"]
[WhiteClock "0:00:00"]
[BlackClock "0:00:03"]
[Board "155"]

1. e4 d5 2. exd5 Nf6 3. Nc3 Nxd5 4. Bc4 c6 5. Nf3 Bg4 6. h3 Bh5 7. O-O e6 8. Nxd5 cxd5 9. Bb5+ Nc6 10. d4 Bd6 11. Be3 Qb6 12. Be2 O-O 13. Rb1 Rac8 14. c3 Bg6 15. Bd3 Bxd3 16. Qxd3 Na5 17. Ne5 Bxe5 18. dxe5 Qc7 19. Bxa7 b6 20. Qa6 Nc4 21. b3 Nd2 22. Bxb6 Qc6 23. a4 Nxf1 24. Kxf1 Ra8 25. Qb5 Qxb5+ 26. axb5 Rfb8 27. Bd4 Rxb5 28. b4 Ra2 29. g4 h6 30. Kg2 Kf8 31. h4 Ke7 32. h5 f6 33. Kf3 fxe5 34. Bxe5 Kf7 35. Ke3 Rb6 36. Bd4 Rb7 37. b5 Ra5 38. b6 Ra6 39. Kf4 Ra2 40. Ke5 Ke7 41. Bc5+ Kd7 42. Bd4 Re2+ 43. Be3 Kc6 44. Kxe6 Rc2 45. Bd4 Re2+ 46. Kf5 Re4 47. f3 Re2 48. Kg6 Rd2 49. Re1 Rd3 50. Re6+ Kb5 51. Re8 Rxf3 52. Rd8 Rf4 53. Rxd5+ Kc4 54. Rc5+ Kd3 55. Rc7 Rxg4+ 56. Kf5 Rg5+ 57. Ke6 Rb8 58. b7 Rxh5 59. Ba7 Re8+ 60. Re7 Rxe7+ 61. Kxe7 Rb5 62. b8=Q Rxb8 63. Bxb8 g5 64. Be5 g4 65. Kf6 h5 66. Kg5 Ke4 67. Bc7 g3 0-1


[Site "https://www.chess.com"]

[Event "Titled Tuesday Blitz November 14 Late 2023"]
[White "Pinheiro, Iung Alicio de O."]
[Black "Curtis, John"]
[WhiteFideId "2104350"]
[BlackFideId "3200256"]
[WhiteElo "2546"]
[BlackElo "2178"]
[Result "1-0"]
[Round "1"]
[TimeControl "180+1"]
[Date "2023.11.14"]
[WhiteClock "0:00:22"]
[BlackClock "0:00:14"]
[Board "156"]

1. Nf3 Nf6 2. b3 g6 3. Bb2 Bg7 4. g3 O-O 5. Bg2 d6 6. d4 Nbd7 7. O-O Ne4 8. c4 c5 9. Qc2 f5 10. Nc3 Ndf6 11. Rad1 Nxc3 12. Bxc3 Ne4 13. Bb2 Qa5 14. Nd2 Nxd2 15. Rxd2 e6 16. dxc5 Bxb2 17. Qxb2 dxc5 18. Rfd1 Qc7 19. Rd6 Rb8 20. Qe5 b6 21. h4 Qg7 22. Qe3 f4 23. gxf4 Qf6 24. Qg3 Bb7 25. Bh3 Rbe8 26. e3 Bc8 27. Bg4 e5 28. fxe5 Qxe5 29. Qxe5 Rxe5 30. Bxc8 Rxc8 31. Rd8+ Rxd8 32. Rxd8+ Kg7 33. Rd7+ Kh6 34. Rxa7 Re4 35. Rb7 Re6 36. Kg2 Rd6 37. Kg3 Rd2 38. Rxb6 Rxa2 39. Rb5 Ra3 40. Kf4 Kh5 41. Rb7 h6 42. Rb6 g5+ 43. hxg5 hxg5+ 44. Ke4 Ra2 45. f3 Re2 46. Rb5 Rb2 47. Kd5 Kh4 48. Kxc5 Kg3 49. Kd4 Kxf3 50. Kc3 Re2 51. Rxg5 Rxe3+ 52. Kb4 Kf4 53. Rd5 Ke4 54. Ka4 Re1 55. b4 Rc1 56. Kb5 Rc2 57. Rd8 Ke5 58. c5 Ke6 59. c6 Ke7 60. Rd1 Rxc6 61. Kxc6 1-0


[Site "https://www.chess.com"]